cohdb
Replays
Latest Replays
All Replays
Popular Replays
Top Player Replays
Match Explorer
How It Works
Community
CoH3 Stats
Reddit
Sign in to upload your games and track your stats! →
Sign in with Steam
Match 45522556
Unlisted
Match 45522556
Overview
Messages
Build Orders
End
Kettenkrad Recon Vehicle
Construct Infanterie Kompanie
MG 42 Machine Gun Team
Grenadier Squad
Grenadier Squad
Grenadier Squad
Construct Luftwaffe Kompanie
221 Scout Car
Selects Mechanized Battlegroup
Selects Mechanized Battlegroup
Selects Mobile Repair Stations
Jäger Squad
Jäger Squad
Jäger Squad
Selects Wespe Self-propelled Artillery
Wespe Self-propelled Artillery
Medical Station
Wespe Self-propelled Artillery
Wespe Self-propelled Artillery
Selects Raid Package
Support Elements
Wespe Self-propelled Artillery
Marder III M Tank Destroyer
Selects StuG Assault Group
chmod 777
Patrol FORCE
⎝⧹DontKillMyVybeTy⧸⎠
sohn.Majokaner™
Thistimeitsdifferent
Darsai
KR_Dante
torq1
0
0
Comments
sign in to comment!
No comments posted yet!